 Dungeon Crawl Stone Soup version 0.30-a0-782-ge64f9170bb (webtiles) character file.

Game seed: 15874997222041059583

137355 Flugkiller the Nimble (level 16, -4/117 HPs)
             Began as a Vampire Reaver on Mar 12, 2023.
             Was the Champion of Hepliaklqana.
             Slain by a spriggan rider
             ... wielding the +12 scimitar of Vikeom {flame, rElec rF+ rN+}
              (12 damage)
             ... on level 2 of the Swamp.
             The game lasted 00:30:33 (22175 turns).

Flugkiller the Nimble (Vampire Reaver)             Turns: 22175, Time: 00:30:34

Health: -4/117     AC: 22    Str: 15    XL:     16   Next: 68%
Magic:  29/29      EV: 23    Int: 16    God:    Hepliaklqana [******]
Gold:   1760       SH:  0    Dex: 24    Spells: 21/33 levels left

rFire   . . .      SeeInvis +    S - +9 battleaxe (flame)
rCold   . . .      Faith    .    (shield currently unavailable)
rNeg    . . .      Spirit   .    k - +3 troll leather armour
rPois   +          Reflect  .    u - +2 helmet
rElec   .          Harm     .    l - +2 cloak
rCorr   .          Rampage  +    D - +0 pair of gloves of Undesirable Species {Rampage rPois Dex+2}
Will    +....                    Y - +2 pair of boots
Stlth   ++                       N - amulet of regeneration
HPRegen 2.19/turn                p - +4 ring of protection
MPRegen 0.21/turn                O - +6 ring of dexterity

@: healing quickly, studying Invocations
A: reduced essence, alive, fangs 3, see invisible, vampiric 2
a: Exsanguinate, Renounce Religion, Recall Ancestor, Ancestor Identity,
Transference, Idealise


You were on level 2 of the Swamp.
You worshipped Hepliaklqana.
Hepliaklqana was exalted by your worship.
You visited 4 branches of the dungeon, and saw 24 of its levels.
You also visited: Ice Cave.

You collected 2973 gold pieces.
You spent 1213 gold pieces at shops.

Inventory:

Hand Weapons
 S - a +9 battleaxe of flaming (weapon)
   (You took it off a wight on level 7 of the Dungeon)
Missiles
 C - 3 throwing nets
 X - 8 curare-tipped darts
Armour
 f - a +2 pair of gloves
   (You found it on level 10 of the Dungeon)
 i - a scarf of invisibility
   (You found it on level 2 of the Dungeon)
 j - a +3 leather armour of cold resistance
   (You took it off Joseph on level 10 of the Dungeon)
 k - a +3 troll leather armour (worn)
   (You found it on level 12 of the Dungeon)
 l - a +2 cloak (worn)
   (You found it on level 1 of the Dungeon)
 r - the +0 pair of boots "Xuexke" {rElec Int+4}
   (You acquired it on level 14 of the Dungeon)

   Int:       It affects your intelligence (+4).
   rElec:     It insulates you from electricity.
 u - a +2 helmet (worn)
   (You took it off Robin on level 3 of the Dungeon)
 D - the +0 pair of gloves of Undesirable Species (worn) {Rampage rPois Dex+2}
   (You found it on level 14 of the Dungeon)

   Dex:       It affects your dexterity (+2).
   rPois:     It protects you from poison.
   Rampage:   It bestows one free step when moving towards enemies.
 J - the +3 hat of Pondering {ponderous, Will+ MP+10 Int+5}
   (You found it on level 2 of the Swamp)

   Int:       It affects your intelligence (+5).
   MP:        It affects your magic capacity (+10).
   Will:      It increases your willpower.
 Y - a +2 pair of boots (worn)
   (You found it on level 3 of the Dungeon)
Jewellery
 a - a +6 ring of intelligence
   (You found it on level 6 of the Dungeon)
 c - an amulet of guardian spirit
   (You found it on level 1 of the Dungeon)
 m - a ring of willpower
   (You found it on level 15 of the Dungeon)
 p - a +4 ring of protection (left hand)
   (You found it on level 4 of the Dungeon)
 N - an amulet of regeneration (around neck)
   (You found it on level 9 of the Dungeon)
 O - a +6 ring of dexterity (right hand)
   (You found it on level 9 of the Dungeon)
Wands
 s - a wand of mindburst (11)
   (You found it on level 9 of the Dungeon)
 y - a wand of roots (33)
   (You found it on level 2 of the Lair of Beasts)
 B - a wand of flame (22)
   (You took it off Natasha on level 2 of the Dungeon)
 G - a wand of quicksilver (4)
   (You found it on level 5 of the Dungeon)
 T - a wand of paralysis (21)
   (You found it on level 4 of the Lair of Beasts)
Scrolls
 b - 6 scrolls of vulnerability
 e - 4 scrolls of magic mapping
 t - 13 scrolls of teleportation
 x - 4 scrolls of poison
 z - 4 scrolls of blinking
 E - a scroll of fog
 I - 2 scrolls of immolation
 Q - 3 scrolls of butterflies
 V - 5 scrolls of fear
Potions
 d - 3 potions of might
 g - 3 potions of ambrosia
 h - 4 potions of haste
 n - a potion of resistance
 o - 2 potions of attraction
 q - 14 potions of curing
 v - a potion of lignification
 w - 3 potions of heal wounds
 A - a potion of flight
 F - 6 potions of mutation
 H - 2 potions of invisibility
 K - 2 potions of cancellation
 R - 5 potions of brilliance
 W - 3 potions of berserk rage
Miscellaneous
 P - a condenser vane
   (You found it on level 9 of the Dungeon)


   Skills:
 * Level 13.1 Fighting
 * Level 11.8 Axes
 - Level 5.2 Armour
 + Level 13.9 Dodging
 + Level 9.4 Spellcasting
 - Level 3.0 Conjurations
 + Level 13.6 Hexes
 - Level 1.0 Necromancy
 + Level 9.6 Invocations
 * Level 11.1 Evocations


You had 21 spell levels left.
You knew the following spells:

 Your Spells              Type           Power      Damage    Failure   Level
a - Kiss of Death         Conj/Necr      52%        2d9       4%          1
b - Cause Fear            Hex            25%        N/A       1%          4
c - Enfeeble              Hex            25%        N/A       34%         7

Your spell library contained the following spells:

 Spells                   Type           Power      Damage    Failure   Level
 Slow                     Hex            100%       N/A       1%          1
 Ensorcelled Hibernation  Hex/Ice        58%        N/A       1%          2
 Confusing Touch          Hex            50%        N/A       1%          3
 Dazzling Flash           Conj/Hex       68%        N/A       1%          3
 Tukima's Dance           Hex            50%        N/A       1%          3
 Anguish                  Hex/Necr       15%        N/A       5%          4
 Leda's Liquefaction      Hex/Erth       14%        N/A       7%          4
 Necrotise                Necr           40%        1d6       8%          1
 Momentum Strike          Conj/Tloc      24%        3d8       10%         2
 Apportation              Tloc           14%        N/A       12%         1
 Summon Small Mammal      Summ           28%        N/A       12%         1
 Scorch                   Fire           14%        2d5       17%         2
 Hailstorm                Conj/Ice       12%        3d5       19%         3
 Metabolic Englaciation   Hex/Ice        14%        N/A       19%         5
 Silence                  Hex/Air        14%        N/A       19%         5
 Yara's Violent Unravell  Hex/Tmut       14%        3d7       19%         5
 Vampiric Draining        Necr           10%        2d6       22%         3
 Ozocubu's Armour         Ice            7%         N/A       34%         3
 Spider Form              Tmut/Pois      7%         N/A       34%         3
 Flame Wave               Conj/Fire      12%        2d6       52%         4
 Iskenderun's Battlesphe  Conj           17%        2d7       67%         5
 Airstrike                Air            3%         2d(1-17)  75%         4
 Passage of Golubria      Tloc           7%         N/A       75%         4
 Summon Lightning Spire   Summ/Air       7%         N/A       75%         4
 Lightning Bolt           Conj/Air       6%         1d18      86%         5
 Agony                    Necr           10%        N/A       91%         5
 Freezing Cloud           Conj/Ice/Air   5%         6-21      91%         5
 Alistair's Intoxication  Tmut/Pois      4%         N/A       97%         5
 Lee's Rapid Deconstruct  Erth           3%         3d5*      97%         5
 Iron Shot                Conj/Erth      6%         9d2       100%        6
 Simulacrum               Ice/Necr       4%         N/A       100%        6
 Statue Form              Tmut/Erth      4%         N/A       100%        6
 Summon Cactus Giant      Summ           3%         N/A       100%        6
 Dragon Form              Tmut           3%         N/A       100%        7
 Spellforged Servitor     Conj/Summ      6%         N/A       100%        7
 Dragon's Call            Summ           3%         N/A       100%        9
 Polar Vortex             Ice            3%         N/A       100%        9


Dungeon Overview and Level Annotations

Branches:
Dungeon (15/15) Zot: 25881  Temple (0/1) D:6            Lair (5/5) D:11 Zot: 25168
  Swamp (2/4) Lair:3 Zot: 11279   Snake (0/4) Lair:2        Slime (0/5) Lair:4
    Orc (2/2) D:12 Zot: 10405     Elf (0/3) Orc:2        Vaults (0/5) D:13
 Depths (0/4) D:15          IceCv (visited)

Altars:
Dithmenos
Fedhas
Hepliaklqana
Kikubaaqudgha
Ru
Sif Muna
Wu Jian

Shops:
D:6 **:*   Orc:2 ?(!*

Portals:
Trove: D:11 (give +6 demon whip)


Innate Abilities, Weirdness & Mutations

Your life essence is reduced to manifest your ancestor. (-10% HP)
Your natural rate of healing is accelerated.
You have razor-sharp teeth.
You have supernaturally acute eyesight. (SInv)
You are afflicted with vampirism and can become a bat while bloodless.


Message History

Lici hits the spriggan druid with a +0 quarterstaff.
The spriggan druid hits Lici with a +1 spectral quarterstaff!
You slice the spriggan druid!! You burn the spriggan druid!
The spriggan druid is severely wounded.
Lici gestures at the spriggan druid while chanting.
The stone arrow hits the spriggan druid!!
The spriggan druid dies!
You hear a splash. x2
Things that are here:
a +1 spectral quarterstaff; a +0 robe No target in view!
No target in view!
You see here a +2 leather armour of fire resistance.
Ancestor HP restored.
Found 3 stones.
You pick up a book of Debilitation and begin reading...
You add the spells Slow, Vampiric Draining and Confusing Touch to your library.
No target in view!
No target in view!
You swap places.
You see here a human skeleton.
You see here 3 stones.
Found a leather armour.
Found a stone staircase leading up and a stone staircase leading down.
J - the +3 hat of Pondering {ponderous, Will+ MP+10 Int+5} You enter the shallow water.
Moving in this stuff is going to be slow.
A tyrant leech comes into view.
You rampage towards the tyrant leech!
The tyrant leech closely misses you.
Lici points at the tyrant leech and mumbles some strange words.
The stone arrow hits the tyrant leech!!
You slash the tyrant leech! You burn the tyrant leech.
The tyrant leech is heavily wounded.
The tyrant leech completely misses you.
You slice the tyrant leech!! You burn the tyrant leech!
You kill the tyrant leech!
No target in view!
No target in view!
You enter the shallow water.
Moving in this stuff is going to be slow.
A spriggan rider comes into view. It is wielding a +0 spear.
The spriggan rider shouts!
You hear a shout!
A spriggan rider is nearby!
A spriggan rider is nearby!
A spriggan rider is nearby!
A spriggan rider comes into view.
It is wielding the +12 scimitar of Vikeom {flame, rElec rF+ rN+} and wearing a +1 buckler of protection.
The spriggan rider misses you.
You slice the spriggan rider!! You burn the spriggan rider.
Your bite misses the spriggan rider.
The spriggan rider is heavily wounded.
You closely miss the spriggan rider.
Lici casts a spell at the spriggan rider.
The bolt of magma hits the spriggan rider!!
The spriggan dies!
The mangrove smoulders and burns.
The spriggan rider hits you with the +12 scimitar of Vikeom {flame, rElec rF+ rN+}!
The spriggan rider burns you!
You slice the hornet!! You burn the hornet.
You kill the hornet!
You barely miss the spriggan rider.
The spriggan rider hits you with the +12 scimitar of Vikeom {flame, rElec rF+ rN+}!
The spriggan rider burns you. The spriggan rider blocks your attack.
Lici points at the spriggan rider and mumbles some strange words.
The stone arrow hits the spriggan rider!
The spriggan rider hits you with the +12 scimitar of Vikeom {flame, rElec rF+ rN+}!
The spriggan rider burns you.
The spriggan rider blocks Lici's attack.
The spriggan rider blocks your attack.
The spriggan rider is lightly wounded.
The spriggan rider hits you with the +12 scimitar of Vikeom {flame, rElec rF+ rN+}!!
The spriggan rider burns you.
The spriggan rider blocks Lici's attack.
You are too injured to fight recklessly!
Found a spear.
The spriggan rider hits Lici with the +12 scimitar of Vikeom {flame, rElec rF+ rN+}!!
The spriggan rider burns Lici.
Lici casts a spell at the spriggan rider.
The spriggan rider blocks the stone arrow.
The spriggan rider hits Lici with the +12 scimitar of Vikeom {flame, rElec rF+ rN+}!!
The spriggan rider burns Lici.
Lici points at the spriggan rider and mumbles some strange words.
The stone arrow misses the spriggan rider.
The spriggan rider hits Lici with the +12 scimitar of Vikeom {flame, rElec rF+ rN+}!
Lici is destroyed!
The spriggan rider closely misses you.
You closely miss the spriggan rider.
The spriggan rider is lightly wounded.
The spriggan rider hits you with the +12 scimitar of Vikeom {flame, rElec rF+ rN+}!
The spriggan rider burns you.
You slice the spriggan rider!! You burn the spriggan rider.
The spriggan rider is heavily wounded.
The spriggan rider hits you with the +12 scimitar of Vikeom {flame, rElec rF+ rN+}!
The spriggan rider burns you.
You slash the spriggan rider!
The spriggan rider is heavily wounded.
The spriggan rider hits you with the +12 scimitar of Vikeom {flame, rElec rF+ rN+}!!
* * * LOW HITPOINT WARNING * * *
The spriggan rider burns you!
You die...

~~~~.....~~.♣♣ ♣♣♣..
~~.~~~~~~~~.♣♣ ♣...♣
..~~.~~~~~~~.♣♣ ♣♣♣.~.♣
~.♣~.>§~~~~..~♣ ♣.~..~♣
...♣~~~.....~♣♣♣♣♣♣♣.....~
. ♣♣♣♣~...♣♣♣♣♣.~~~~.~.~~
♣♣~~.♣♣ ~.~§~§~~~~~~
♣♣~~~♣)....~~~...~.
♣.@i)..~♣ ♣~...♣~..
♣.~~~~~~♣♣ ♣~~...§♣
♣.~~~§~.♣ ♣♣~~~.♣♣
♣.~~~~~♣~♣ ♣♣..♣♣
♣♣~.~.~♣♣♣ ♣♣♣♣ ♣♣♣♣♣♣♣


You could see a spriggan rider.

Vanquished Creatures
  Mlioglotl (Swamp:1)
  Frances (D:13)
  A dire elephant (Lair:2)
  2 blizzard demons (IceCv)
  The ghost of gengaozo the Warrior, a journeyman FeEn of Uskayaw (D:13)
  A rakshasa (D:15)
  An ice dragon (D:14)
  2 ghost crabs (Swamp:1)
  2 caustic shrike simulacra (IceCv)
  5 ogre magi
  6 boulder beetles
  4 hydras
  2 centaur warriors
  A death yak (Lair:4)
  2 alligators (Swamp:1)
  A death knight (D:13)
  14 two-headed ogres
  2 tengu warriors (D:13)
  The ghost of QuickerDeath the Slicer, a journeyman VSDe of Wu Jian (D:10)
  Urug (D:13)
  A fire crab (Lair:5)
  Lodul (D:13)
  A swamp dragon (Lair:5)
  A goliath frog (Swamp:1)
  4 spriggan simulacra (IceCv)
  An obsidian statue (IceCv)
  3 cyclopes
  10 ugly things
  A will-o-the-wisp (Swamp:1)
  4 manticores
  17 elephants
  4 black mambas
  2 gargoyles (D:11)
  2 cane toads (Lair:5)
  Maggie (D:6)
  An eye of devastation (shapeshifter) (D:15)
  An unseen horror (shapeshifter) (D:13)
  2 golden dragon simulacra (IceCv)
  6 komodo dragons
  A tengu conjurer (D:14)
  3 rime drakes
  6 ice devils (IceCv)
  2 freezing wraiths (D:15)
  An efreet (D:14)
  An anaconda simulacrum (IceCv)
  11 polar bears
  5 hornets
  A meliai (D:14)
  3 trolls
  5 tyrant leeches
  6 blink frogs
  5 raiju (Lair:5)
  3 slime creatures
  A centaur simulacrum (D:15)
  A spriggan (Swamp:1)
  A wraith (D:11)
  2 dire elephant simulacra (IceCv)
  25 yaks
  13 humans (D:13)
  9 vampire mosquitoes
  5 basilisks
  5 minotaur simulacra (IceCv)
  3 wargs (Lair:5)
  An acid dragon (D:9)
  A naga (Lair:2)
  8 water moccasins
  3 swamp worms
  8 hell hounds (Lair:5)
  3 ice beasts
  8 orc warriors
  A sky beast (D:7)
  An alligator simulacrum (IceCv)
  An ettin simulacrum (IceCv)
  8 black bears
  2 boggarts (D:15)
  12 wolves
  25 ogres
  3 centaurs
  4 kobold brigands (D:12)
  7 bullfrogs
  3 deep troll simulacra (IceCv)
  4 gnoll sergeants (D:12)
  7 wights
  7 killer bees
  A howler monkey (D:13)
  A quasit (D:7)
  A jelly (D:7)
  7 orc priests
  3 hounds
  Natasha (twice) (D:2)
  18 orc wizards
  A hell rat (Lair:1)
  6 gnolls
  6 adders
  3 river rats (Lair:1)
  3 shadow imps (D:7)
  4 white imps
  4 ufetubi
  2 worms (D:2)
  4 dart slugs
  30 orcs
  4 endoplasms
  4 giant cockroaches
  9 goblins
  5 hobgoblins
  13 kobolds
  4 quokkas
  4 ball pythons
  2 bats (D:1)
  3 frilled lizards
  3 rats (D:1)
496 creatures vanquished.

Vanquished Creatures (collateral kills)
  The ghost of GrimJard the Warrior, a journeyman MiFi of Okawaru (D:14)
  A balrug (Orc:1)
  Nessos (D:14)
  A bunyip (Swamp:2)
  A fire dragon (Lair:5)
  An ettin (D:14)
  A great orb of eyes (D:15)
  A hydra (Swamp:2)
  A catoblepas (Lair:5)
  3 two-headed ogres
  2 boulder beetles
  2 alligators
  5 death yaks (Lair:5)
  A death knight (D:14)
  A fire crab (Lair:5)
  2 bog bodies
  A spriggan druid (Swamp:2)
  4 spriggan simulacra (IceCv)
  A cyclops (D:14)
  18 elephants
  11 ugly things
  A manticore (D:14)
  Joseph (D:10)
  An unseen horror (D:12)
  6 cane toads
  2 rime drakes
  2 komodo dragons
  3 ice devils (IceCv)
  4 freezing wraiths
  An anaconda simulacrum (IceCv)
  A tengu conjurer (D:15)
  2 tyrant leeches
  4 trolls
  2 hornets (Swamp:1)
  A polar bear (Lair:5)
  A raiju (Lair:5)
  8 blink frogs
  3 wyverns
  Sigmund (D:3)
  2 wraiths
  The ghost of Crownlay the Ruffian, an amateur TrFi (D:4)
  6 spriggans
  18 yaks
  3 basilisks
  3 humans (D:13)
  9 vampire mosquitoes
  5 steam dragons
  3 minotaur simulacra (IceCv)
  2 swamp worms (Swamp:1)
  3 wargs
  2 nagas (Lair:2)
  2 harpy simulacra (IceCv)
  An acid dragon (D:9)
  7 water moccasins
  3 hell hounds (Lair:5)
  3 swamp drakes
  8 orc warriors
  4 black bears (Lair:5)
  2 ice beasts (D:15)
  10 ogres
  2 boggarts (D:15)
  2 centaurs
  9 wolves
  4 kobold brigands
  2 bullfrogs
  6 deep troll simulacra (IceCv)
  2 scorpions (D:5)
  2 wights (D:7)
  A hornet simulacrum (D:15)
  A lindwurm simulacrum (IceCv)
  4 killer bees
  A howler monkey (D:4)
  An electric eel (Lair:1)
  4 orc priests
  Crazy Yiuf (D:6)
  2 hounds (D:4)
  4 jellies
  A gnoll bouda (D:4)
  Natasha (D:2)
  6 orc wizards
  3 iguanas
  A hell rat (Lair:1)
  Robin (D:3)
  13 gnolls
  4 adders
  6 river rats (Lair:1)
  3 shadow imps (D:7)
  7 white imps
  2 ufetubi (D:7)
  25 orcs
  2 endoplasms (D:4)
  2 giant cockroaches
  2 hobgoblins (D:3)
  3 jackals (D:5)
  A quokka (D:5)
  A goblin (D:3)
  9 kobolds
  A rat (D:3)
  3 butterflies (D:3)
346 creatures vanquished.

Vanquished Creatures (others)
  A rime drake (Lair:5)
  32 battlemagi
  5 demonic plants (D:7)
  4 foxfires (Swamp:1)
  100 fungi
  143 plants
285 creatures vanquished.

Grand Total: 1127 creatures vanquished

Notes
Turn   | Place    | Note
-------+----------+-------------------------------------------
     0 | D:1      | Flugkiller the Vampire Reaver began the quest for the Orb.
     0 | D:1      | Reached XP level 1. HP: 16/16 MP: 3/3
   180 | D:1      | Reached XP level 2. HP: 12/22 MP: 0/5
   578 | D:1      | Reached skill level 1 in Necromancy
  1111 | D:2      | Gained mutation: You are afflicted with vampirism and can
                  | become a bat while bloodless. [Vampire growth]
  1111 | D:2      | Reached XP level 3. HP: 25/25 MP: 4/6
  1348 | D:2      | Reached XP level 4. HP: 30/30 MP: 6/8
  1686 | D:2      | Noticed Natasha
  1714 | D:2      | Killed Natasha
  1783 | D:2      | Found a faded altar of an unknown god.
  1810 | D:2      | Prayed at the altar of an unknown god.
  1810 | D:2      | Became a worshipper of Hepliaklqana the Forgotten
  1810 | D:2      | Reached * piety under Hepliaklqana
  1817 | D:2      | Noticed Natasha
  1823 | D:2      | Killed Natasha
  1824 | D:2      | Reached XP level 5. HP: 26/32 MP: 7/9
  1827 | D:2      | Noticed Natasha
  1849 | D:2      | Killed Natasha
  2143 | D:3      | Noticed Robin
  2145 | D:3      | Reached XP level 6. HP: 42/42 MP: 8/10
  2172 | D:3      | Killed Robin
  2831 | D:3      | Reached ** piety under Hepliaklqana
  2832 | D:3      | Remembered your ancestor Lici as a battlemage
  2972 | D:3      | Noticed Sigmund
  2977 | D:3      | Killed Sigmund
  2978 | D:3      | Reached skill level 1 in Evocations
  3408 | D:4      | Reached XP level 7. HP: 44/48 MP: 9/11
  3571 | D:4      | Noticed Crownlay's ghost (amateur TrFi)
  3575 | D:4      | Found a runed translucent door.
  3883 | D:4      | Found an ornate altar of the Wu Jian Council.
  3955 | D:4      | Reached skill level 5 in Fighting
  4092 | D:4      | Killed Crownlay's ghost
  4156 | D:5      | Entered Level 5 of the Dungeon
  4174 | D:5      | Reached XP level 8. HP: 49/57 MP: 8/12
  4178 | D:5      | Reached skill level 1 in Invocations
  4485 | D:5      | Reached *** piety under Hepliaklqana
  4646 | D:5      | Reached skill level 5 in Dodging
  4686 | D:5      | Found a shadowy altar of Dithmenos.
  4962 | D:6      | Found a shimmering blue altar of Sif Muna.
  4996 | D:6      | Found Hyikupro's Book Shoppe.
  5004 | D:6      | Found Tocup's Assorted Antiques.
  5013 | D:6      | Bought a scroll labelled JOR OQEAMMOZ for 32 gold pieces
  5013 | D:6      | Bought a ruby potion for 28 gold pieces
  5251 | D:6      | Found Faesez's Book Shoppe.
  5273 | D:6      | Noticed Maggie
  5286 | D:6      | Killed Maggie
  5320 | D:6      | Found Anom Ell's General Store.
  5355 | D:6      | Found a staircase to the Ecumenical Temple.
  5360 | D:6      | Reached skill level 5 in Evocations
  5360 | D:6      | Reached XP level 9. HP: 41/64 MP: 7/13
  5645 | D:6      | Found a runed translucent door.
  5646 | D:6      | Noticed Crazy Yiuf
  5705 | D:6      | Found Segylaif's General Store.
  5765 | D:6      | Killed Crazy Yiuf
  6016 | D:7      | Reached **** piety under Hepliaklqana
  6238 | D:7      | Reached skill level 5 in Axes
  6547 | D:8      | Found a sacrificial altar of Ru.
  6608 | D:8      | Reached XP level 10. HP: 71/72 MP: 12/14
  7170 | D:9      | Noticed a two-headed ogre
  7497 | D:9      | Found a blossoming altar of Fedhas.
  7654 | D:9      | Killed a two-headed ogre
  7655 | D:9      | Reached skill level 10 in Fighting
  7753 | D:9      | Reached skill level 1 in Hexes
  8266 | D:10     | Entered Level 10 of the Dungeon
  8282 | D:10     | Found a runed translucent door.
  8283 | D:10     | Noticed QuickerDeath's ghost (journeyman VSDe)
  8495 | D:10     | Noticed Joseph
  8503 | D:10     | Killed Joseph
  8504 | D:10     | Reached XP level 11. HP: 81/81 MP: 16/16
  8662 | D:10     | Reached ***** piety under Hepliaklqana
  8721 | D:10     | Found an ancient bone altar of Kikubaaqudgha.
  8840 | D:10     | Killed QuickerDeath's ghost
  9253 | D:11     | Reached skill level 5 in Hexes
  9253 | D:11     | Reached skill level 5 in Invocations
  9295 | D:11     | Found a staircase to the Lair.
  9313 | D:11     | Found a portal to a secret trove of treasure.
  9875 | D:6      | Bought a book of the Dragon for 552 gold pieces
  9880 | D:6      | Learned a level 4 spell: Cause Fear
  9995 | Lair:1   | Entered Level 1 of the Lair of Beasts
 10005 | Lair:1   | Reached skill level 5 in Spellcasting
 10054 | Lair:1   | Noticed a boulder beetle
 10116 | D:11     | Killed a boulder beetle
 10723 | Lair:2   | Reached XP level 12. HP: 85/87 MP: 21/21
 10878 | Lair:2   | Noticed a dire elephant
 10889 | Lair:2   | Killed a dire elephant
 10890 | Lair:2   | Reached skill level 10 in Hexes
 11237 | Lair:2   | Reached ****** piety under Hepliaklqana
 11383 | Lair:2   | Reached skill level 10 in Dodging
 11500 | Lair:2   | Found a staircase to the Snake Pit.
 11948 | Lair:3   | Noticed a boulder beetle
 11950 | Lair:3   | Reached XP level 13. HP: 91/92 MP: 23/23
 11964 | Lair:3   | Identified the +1 ring mail "Tyl Tot" {Str+5}
 12296 | Lair:3   | Reached skill level 1 in Armour
 12358 | Lair:3   | Found a staircase to the Swamp.
 12849 | Lair:4   | Learned a level 7 spell: Enfeeble
 13061 | Lair:4   | Found a staircase to the Slime Pits.
 13408 | Lair:5   | Entered Level 5 of the Lair of Beasts
 13676 | Lair:5   | Reached XP level 14. HP: 33/99 MP: 25/25
 14874 | D:12     | Found a staircase to the Orcish Mines.
 15356 | D:13     | Noticed Urug
 15356 | D:13     | Found a gate to the Vaults.
 15385 | D:13     | Killed Urug
 15539 | D:13     | Noticed Frances
 15548 | D:13     | Killed Frances
 15818 | D:13     | Noticed Lodul
 15828 | D:13     | Killed Lodul
 15829 | D:13     | Reached skill level 10 in Axes
 15906 | D:13     | Found a large runed translucent door.
 15907 | D:13     | Found a large runed translucent door.
 15910 | D:13     | Noticed gengaozo's ghost (journeyman FeEn)
 16045 | D:13     | Killed gengaozo's ghost
 16248 | D:14     | Noticed Nessos
 16268 | D:14     | Killed Nessos
 16269 | D:14     | Reached XP level 15. HP: 71/108 MP: 25/27
 16382 | D:14     | Found a runed translucent gate.
 16382 | D:14     | Noticed GrimJard's ghost (journeyman MiFi)
 16386 | D:14     | Found a runed translucent gate.
 16387 | D:14     | Found a runed translucent gate.
 16846 | D:14     | Identified the +0 pair of gloves of Undesirable Species
                  | {Rampage rPois Dex+2}
 16965 | D:14     | Killed GrimJard's ghost
 17271 | D:14     | Identified a scroll of acquirement
 17285 | D:15     | Entered Level 15 of the Dungeon
 17308 | D:15     | Found a frozen archway.
 17320 | IceCv    | Entered an ice cave
 17824 | IceCv    | Reached skill level 10 in Evocations
 19463 | D:15     | Found a staircase to the Depths.
 19761 | Orc:1    | Entered Level 1 of the Orcish Mines
 19837 | Orc:1    | Reached XP level 16. HP: 100/116 MP: 23/28
 19969 | Orc:2    | Entered Level 2 of the Orcish Mines
 20053 | Orc:2    | Found a staircase to the Elven Halls.
 20185 | Orc:2    | Found Beohida's Distillery.
 20185 | Orc:2    | Found Deffa's General Store.
 20186 | Orc:2    | Found Muibb's Magic Scroll Shoppe.
 20186 | Orc:2    | Found Ryfuca's Weapon Boutique.
 20201 | Orc:2    | Reached skill level 5 in Armour
 20493 | Orc:2    | Bought a potion of haste for 150 gold pieces
 20493 | Orc:2    | Bought a potion of might for 60 gold pieces
 20496 | Orc:2    | Bought a scroll of teleportation for 36 gold pieces
 20496 | Orc:2    | Bought a wand of roots (4) for 115 gold pieces
 20498 | Orc:2    | Bought a scroll of blinking for 120 gold pieces
 20498 | Orc:2    | Bought a scroll of enchant armour for 120 gold pieces
 21076 | Orc:1    | Found a runed translucent door.
 21388 | D:12     | Acquired the +0 pair of boots "Xuexke" {rElec Int+4}
 21521 | Swamp:1  | Entered Level 1 of the Swamp
 21762 | Swamp:1  | Noticed Mlioglotl
 21770 | Swamp:1  | Killed Mlioglotl
 22148 | Swamp:2  | Found the +3 hat of Pondering {ponderous, Will+ MP+10
                  | Int+5}
 22164 | Swamp:2  | Identified the +12 scimitar of Vikeom {flame, rElec rF+
                  | rN+}
 22175 | Swamp:2  | Slain by a spriggan rider

Illustrated notes

Levels and vault maps discovered:
D:1:      tekkud_arrival_beachfront_property, layout_basic
D:2:      layout_rooms, basic_altar, shapermc_ecumenical_altar_mp_vishouse,
          uniq_natasha
D:3:      layout_basic, serial_bayou, serial_bayou_shore_b,
          serial_bayou_shore_b, serial_bayou_lagoon_b, serial_bayou_shore_a,
          hangedman_glass_garden, minmay_crystal_room, reono_crystal_passage,
          uniq_robin, uniq_sigmund
D:4:      layout_basic, elyvilon_altar_1, lemuel_doored_altar,
          hellmonk_ghost_happy_afterlife
D:5:      layout_basic, kennysheep_mini_moat, serial_glass, glass_columns_b,
          glass_columns_a, glass_columns_a, glass_columns_a, item_on_display_a,
          due_unseen_surprise, minmay_strange_pillars, item_on_display_a
D:6:      layout_cave_pools, nicolae_sif_muna_condensation,
          minmay_temple_entry_slanted, serial_shops, nicolae_shop_stone,
          nicolae_inconvenience_store, nicolae_shop_hallway_stairs,
          nicolae_stop_n_shop_1, nicolae_shop_competitors_out_of_business,
          hangedman_decor_slide_cut, uniq_crazy_yiuf_cottage, uniq_maggie
D:7:      layout_basic, serial_demonic, serial_demonic_f, serial_demonic_b,
          serial_demonic_f, serial_demonic_d, serial_demonic_f,
          serial_demonic_e, serial_demonic_b, serial_demonic_g,
          nicolae_figureground_sparkle
D:8:      layout_loops_ring, mainiacjoe_overflow_24_doors,
          mainiacjoe_overflow_chevrons
D:9:      layout_stronghold, fedhas_altar_1
D:10:     layout_roguey, mainiacjoe_overflow_alcove_1,
          ebering_ghost_reflecting_pool, uniq_joseph
D:11:     layout_loops_ring, david_lair_generic, enter_trove_0,
          nicolae_eternal_life
D:12:     layout_loops_cross, kennysheep_orc_monster_closet_entryway
D:13:     layout_loops_ring, david_vaults_3, ebering_ghost_disaster_area,
          uniq_frances, uniq_lodul
D:14:     layout_rooms, hangedman_decor_opposing, gammafunk_ghost_split,
          kennysheep_kite_vault, uniq_nessos
D:15:     gammafunk_enter_depths_forms, layout_irregular_city, serial_ice,
          serial_ice_b, serial_ice_l, serial_ice_g, serial_ice_e,
          portal_ice_cave_entry_pillars_four, minmay_misc_feat_ornament
Lair:1:   gammafunk_indiana_jones, layout_hall_layers,
          nicolae_quartered_pool_little, kennysheep_rathole
Lair:2:   mu_elephants_graveyard, layout_layer_cave,
          guppyfry_snake_entry_garden, hangedman_lair_unloving_vines
Lair:3:   layout_gridlike, swamp_mist, minmay_holes, minmay_hedge_maze,
          grunt_megastairs_4
Lair:4:   layout_roguey, slime_entry_1, serial_bayou_shore_b
Lair:5:   guppyfry_lair_end_dragon, layout_cellular_growth,
          hangedman_lair_caniforms_friends
Swamp:1:  layout_basic_swamp, hangedman_swamp_lotus, infiniplex_staircase_pool,
          uniq_mlioglotl
Swamp:2:  layout_basic_swamp, evilmike_swamp_ruin_house_1
Orc:1:    dreamdust_dug_too_deep, layout_diamond_mine
Orc:2:    st_orc_ogre_mass, layout_caves, basic_altar

Skill      XL: |  1  2  3  4  5  6  7  8  9 10 11 12 13 14 15 16 |
---------------+-------------------------------------------------+-----
Fighting       | 2 3 4 6 7 8 10 11 12 13 | 13.1
Necromancy     | 1 |  1.0
Spellcasting   | 3 6 7 8 9 |  9.4
Conjurations   | 3 |  3.0
Axes           | 4 5 6 8 9 10 11 | 11.8
Dodging        | 3 4 5 6 8 11 12 13 | 13.9
Evocations     | 1 2 5 7 8 9 10 11 | 11.1
Invocations    | 3 4 6 7 8 9 |  9.6
Hexes          | 3 8 10 11 12 13 | 13.6
Armour         | 2 3 4 5 |  5.2

Action                     |  1- 3 |  4- 6 |  7- 9 | 10-12 | 13-15 | 16-18 || total
---------------------------+-------+-------+-------+-------+-------+-------++-------
  Melee: Hand axe          |   119 |   170 |     1 |       |       |       ||   290
         Bite              |    11 |    14 |    25 |    52 |   138 |    30 ||   270
         Punch             |       |     5 |       |       |       |       ||     5
         Flail             |       |       |   101 |       |       |       ||   101
         Battleaxe         |       |       |    33 |   316 |   771 |   200 ||  1320
   Cast: Kiss of Death     |     1 |       |       |       |       |     1 ||     2
         Cause Fear        |       |       |       |       |     8 |       ||     8
 Invoke: Ancestor Identity |       |     1 |       |       |       |       ||     1
         Recall Ancestor   |       |     1 |     3 |     4 |     1 |     1 ||    10
         Ancestor Life: Ba |       |     1 |       |       |       |       ||     1
         Idealise          |       |       |       |     2 |     8 |     1 ||    11
Ability: Exsanguinate      |     1 |       |       |       |     1 |       ||     2
         Revivify          |     1 |       |       |       |     1 |       ||     2
  Evoke: Wand              |       |     2 |       |       |     7 |       ||     9
         Condenser vane    |       |       |       |       |     1 |     1 ||     2
    Use: Potion            |     1 |     1 |     1 |       |     6 |     3 ||    12
         Scroll            |     1 |     4 |     5 |     7 |    16 |     5 ||    38
   Stab: Distracted        |       |     1 |     3 |    11 |    21 |     5 ||    41
         Sleeping          |       |     2 |       |       |     6 |       ||     8
         Confused          |       |       |       |       |       |     1 ||     1
 Armour: Leather armour    |    18 |    28 |       |   105 |   406 |    28 ||   585
         Animal skin       |       |    21 |    14 |       |       |       ||    35
         Swamp dragon scal |       |       |    83 |    63 |       |       ||   146
         Skin              |       |       |       |       |    28 |       ||    28
         Troll leather arm |       |       |       |       |       |    64 ||    64
  Dodge: Dodged            |    74 |   101 |   135 |   323 |  1146 |   232 ||  2011

Table legend: (Time is in decaauts)
 A = Elapsed time spent in this place.
 B = Non-inter-level travel time spent in this place.
 C = Inter-level travel time spent in this place.
 D = Time resting spent in this place.
 E = Time spent auto-exploring this place.
 F = Levels seen in this place.
 G = Mean time per level.
                   A        B        C        D        E       F      G
               +--------+--------+--------+--------+--------+-----+--------+
         Total |  22708 |  21258 |   1450 |   2201 |  13389 |  25 |  908.3 |
       Dungeon |  14038 |  12971 |   1067 |   1126 |   8600 |  15 |  935.9 |
          Lair |   4831 |   4639 |    192 |    287 |   2941 |   5 |  966.2 |
         Swamp |    719 |    712 |      7 |     45 |    392 |   2 |  359.5 |
  Orcish Mines |   1594 |   1411 |    183 |    154 |    904 |   2 |  797.0 |
      Ice Cave |   1524 |   1524 |      0 |    588 |    551 |   1 | 1524.0 |
               +--------+--------+--------+--------+--------+-----+--------+

Top non-repeatable levels by time:
   IceCv: 1524 daAuts
  Lair:2: 1383 daAuts
     D:3: 1331 daAuts
     D:1: 1199 daAuts
  Lair:5: 1158 daAuts
     D:9: 1125 daAuts
    D:11: 1014 daAuts
    D:13: 1002 daAuts
    D:14: 990 daAuts
    D:15: 966 daAuts
   Orc:2: 934 daAuts
  Lair:3: 928 daAuts
     D:2: 908 daAuts
     D:6: 888 daAuts
    D:12: 836 daAuts
